 Dungeon Crawl Stone Soup version 0.27.1-15-g792fb953b9 (webtiles) character file.

Game seed: 2677153426593921663

3617 boopmooplesden the Cruncher (level 9, -13/71 HPs)
             Began as a Minotaur Gladiator on Nov 21, 2021.
             Was a Believer of Hepliaklqana.
             Mangled by a shadow (30 damage)
             ... on level 8 of the Dungeon.
             The game lasted 00:10:21 (8202 turns).

boopmooplesden the Cruncher (Minotaur Gladiator)    Turns: 8202, Time: 00:10:21

Health: -13/71     AC: 12    Str: 21    XL:     9   Next: 86%
Magic:  8/8        EV: 10    Int:  5    God:    Hepliaklqana [**....]
Gold:   363        SH:  0    Dex: 13    Spells: 8/8 levels left

rFire    . . .     SeeInvis .   n - +2 quarterstaff (chaos)
rCold    . . .     Faith    .   (shield currently unavailable)
rNeg     + . .     Spirit   .   t - +0 chain mail
rPois    .         Reflect  .   c - +1 hat
rElec    .         Harm     .   o - +0 cloak {Stlth+}
rCorr    .         Rampage  .   (no gloves)
Will     .....                  (no boots)
Stlth    ..........             (no amulet)
HPRegen  0.21/turn              x - ring of positive energy
MPRegen  0.11/turn              (no ring)

@: marked
A: reduced essence, horns 2, retaliatory headbutt
a: Renounce Religion, Recall Ancestor, Ancestor Identity


You were on level 8 of the Dungeon.
You worshipped Hepliaklqana.
Hepliaklqana was pleased with you.
You visited 1 branch of the dungeon, and saw 8 of its levels.

You collected 363 gold pieces.

Inventory:

Hand Weapons
 a - a +2 quarterstaff
 n - a +2 quarterstaff of chaos (weapon)
Missiles
 d - a throwing net
 p - 4 javelins (quivered)
Armour
 b - a +0 leather armour
 c - a +1 hat (worn)
 o - a +0 cloak of stealth (worn)
 t - a +0 chain mail (worn)
Jewellery
 x - a ring of positive energy (left hand)
Wands
 f - a wand of iceblast (4)
 h - a wand of polymorph (6)
 s - a wand of acid (9)
Scrolls
 e - a scroll of identify
 r - a scroll of holy word
 u - a scroll of magic mapping
 w - a scroll of teleportation
Potions
 g - 2 potions of heal wounds
 i - a potion of degeneration
 j - a potion of mutation
 k - 2 potions of cancellation
 l - a potion of flight
 m - 4 potions of curing
 q - 3 potions of might
 v - a potion of resistance


   Skills:
 + Level 7.2 Fighting
 + Level 11.5 Staves
 + Level 3.0 Throwing
 + Level 6.8 Armour
 + Level 5.9 Dodging
 + Level 3.8 Stealth
 + Level 0.4 Evocations


You had 8 spell levels left.
You didn't know any spells.
Your spell library contained the following spells:

 Spells                   Type           Power      Damage    Failure   Level
 Corona                   Hex            0%         N/A       99%         1
 Ensorcelled Hibernation  Hex/Ice        0%         N/A       99%         2
 Tukima's Dance           Hex            0%         N/A       100%        3


Dungeon Overview and Level Annotations

Branches:
Dungeon (8/15)             Temple (0/1) D:5
   Lair: D:8-11

Altars:
Cheibriados
Dithmenos
Fedhas
Gozag
Hepliaklqana
Kikubaaqudgha
Makhleb
Vehumet
Yredelemnul
The Shining One

Shops:
D:1 ?   D:5 *


Innate Abilities, Weirdness & Mutations

Your life essence is reduced to manifest your ancestor. (-10% HP)
You have a pair of horns on your head.
You reflexively headbutt those who attack you in melee.


Message History

You see here a +0 club.
Items here: ! ( )) [ †.
Throw: 5 javelins
Press: ? - help, Q - select action, (/) - cycle Shift-Dir - straight line, f - gnoll sergeant
Aim: a gnoll sergeant, wielding a +0 spear, wearing a +0 ring mail and wearing a +0 buckler (68% to hit)
You throw a javelin.
The javelin pierces through the gnoll sergeant!
The gnoll sergeant is heavily wounded.
The javelin pierces through the orc!
You kill the orc!
The gnoll sergeant hits you but does no damage.
The gnoll sergeant hits you with a +0 spear!
A shadow comes into view.
Items here: ! ( )) [ †.
You hit the gnoll sergeant but do no damage.
Your headbutt misses the gnoll sergeant.
The gnoll sergeant is heavily wounded.
The gnoll sergeant hits you with a +0 spear.
* * * LOW HITPOINT WARNING * * *
You barely miss the gnoll sergeant.
The gnoll sergeant is heavily wounded.
The gnoll sergeant hits you but does no damage.
You closely miss the gnoll sergeant.
Your headbutt misses the gnoll sergeant.
The gnoll sergeant is heavily wounded.
The shadow slips into darkness.
The shadow flickers and vanishes!
Deactivating autopickup; reactivate with Ctrl-A.
You sock the gnoll sergeant!
The gnoll sergeant is poisoned.
Your headbutt misses the gnoll sergeant.
The gnoll sergeant is severely wounded.
The gnoll sergeant hits you with a +0 spear.
* * * LOW HITPOINT WARNING * * *
You hit the gnoll sergeant.
Lightning courses through the gnoll sergeant!
You kill the gnoll sergeant!
Ferran emerges from the mists of memory!
Items here: )) [[.
The shadow strikes at you from the darkness!
You die...

################
..........(...@#####
.......<.(...)))...#
##....########.###.#
#### #R# # ..# ....
##..# #..# #..#


You could see the friendly Ferran the hexer.

Vanquished Creatures
  Harold (D:8)
  Grinder (D:5)
  A vampire (D:5)
  2 steam dragons
  4 water moccasins
  An orc warrior (D:7)
  2 ogres (D:7)
  3 centaurs
  6 phantoms
  A bullfrog (D:7)
  A gnoll sergeant (D:8)
  A wyvern zombie (D:7)
  A scorpion (D:5)
  A water moccasin zombie (D:5)
  A centaur zombie (D:7)
  A bullfrog zombie (D:5)
  Crazy Yiuf (D:3)
  5 iguanas
  A jelly (D:7)
  Jessica (D:2)
  Terence (D:3)
  An orc wizard (D:7)
  A killer bee zombie (D:7)
  A mummy (D:5)
  A hound zombie (D:5)
  6 gnolls
  4 adders
  A white imp (D:6)
  3 worms
  18 orcs
  4 endoplasms
  5 goblins
  7 hobgoblins
  9 kobolds
  3 quokkas
  7 ball pythons
  2 bats (D:3)
  2 frilled lizards
  3 rats
115 creatures vanquished.

Vanquished Creatures (collateral kills)
  A water moccasin zombie (D:6)
  An orc (D:7)
2 creatures vanquished.

Vanquished Creatures (others)
  2 hexers
2 creatures vanquished.

Grand Total: 119 creatures vanquished

Notes
Turn   | Place    | Note
-------+----------+-------------------------------------------
     0 | D:1      | boopmooplesden the Minotaur Gladiator began the quest for
                  | the Orb.
     0 | D:1      | Reached XP level 1. HP: 18/18 MP: 0/0
    61 | D:1      | Found a faded altar of an unknown god.
   144 | D:1      | Reached skill level 4 in Staves
   201 | D:1      | Reached XP level 2. HP: 25/25 MP: 1/1
   289 | D:1      | Found Muc Osi's Magic Scroll Boutique.
   703 | D:2      | Noticed Jessica
   716 | D:2      | Killed Jessica
   717 | D:2      | Reached XP level 3. HP: 9/30 MP: 2/2
   723 | D:2      | Reached skill level 1 in Armour
  1574 | D:2      | Reached XP level 4. HP: 28/36 MP: 3/3
  1875 | D:3      | Noticed Terence
  1887 | D:3      | Killed Terence
  1888 | D:3      | Reached skill level 5 in Staves
  1929 | D:3      | Noticed a phantom
  1934 | D:3      | Killed a phantom
  1935 | D:3      | Reached skill level 1 in Stealth
  1935 | D:3      | Reached XP level 5. HP: 31/45 MP: 4/4
  2696 | D:3      | Found a runed translucent door.
  2697 | D:3      | Noticed Crazy Yiuf
  2704 | D:3      | Killed Crazy Yiuf
  3212 | D:4      | Noticed a phantom
  3221 | D:4      | Killed a phantom
  3222 | D:4      | Reached skill level 6 in Staves
  3222 | D:4      | Reached XP level 6. HP: 39/51 MP: 5/5
  3667 | D:4      | Found a blossoming altar of Fedhas.
  3668 | D:4      | Found a basalt altar of Yredelemnul.
  3914 | D:4      | Found a burning altar of Makhleb.
  3917 | D:4      | Found a hazy altar of Hepliaklqana.
  3920 | D:4      | Found a glowing golden altar of the Shining One.
  3923 | D:4      | Found a shadowy altar of Dithmenos.
  3930 | D:4      | Became a worshipper of Hepliaklqana the Forgotten
  4149 | D:5      | Entered Level 5 of the Dungeon
  4153 | D:5      | Found an opulent altar of Gozag.
  4179 | D:5      | Found Odait's Elemental Accessories.
  4254 | D:5      | Noticed Grinder
  4258 | D:5      | Paralysed by Grinder for 3 turns
  4266 | D:5      | Found a staircase to the Ecumenical Temple.
  4273 | D:5      | Killed Grinder
  4274 | D:5      | Reached XP level 7. HP: 7/58 MP: 6/6
  4829 | D:5      | Reached skill level 7 in Staves
  5235 | D:5      | Found a snail-covered altar of Cheibriados.
  5493 | D:5      | Reached XP level 8. HP: 26/67 MP: 7/7
  5828 | D:5      | Reached skill level 5 in Fighting
  5828 | D:5      | Reached skill level 8 in Staves
  5828 | D:5      | Reached skill level 5 in Dodging
  6403 | D:6      | Reached * piety under Hepliaklqana
  6450 | D:6      | Reached skill level 9 in Staves
  7103 | D:7      | Found an ancient bone altar of Kikubaaqudgha.
  7232 | D:7      | Reached XP level 9. HP: 59/67 MP: 8/8
  7306 | D:7      | Reached ** piety under Hepliaklqana
  7307 | D:7      | Remembered your ancestor Ferran as a hexer
  7450 | D:7      | Reached skill level 10 in Staves
  7450 | D:7      | Reached skill level 5 in Armour
  7778 | D:7      | Found a radiant altar of Vehumet.
  8157 | D:8      | Noticed Harold
  8172 | D:8      | Killed Harold
  8172 | D:8      | HP: 1/70 [shot self (13)]
  8173 | D:8      | Reached skill level 11 in Staves
  8202 | D:8      | Mangled by a shadow

Illustrated notes

Levels and vault maps discovered:
D:1:      dpeg_arrival_brainrot, layout_basic, serial_shops,
          nicolae_shop_competitors_out_of_business,
          hellmonk_ecumenical_altar_leap_of_faith
D:2:      layout_basic, minmay_goblin_kobold_house, uniq_jessica
D:3:      layout_basic, uniq_terence, uniq_crazy_yiuf_cottage
D:4:      layout_basic, grunt_temple_overflow_cloverleaf,
          gammafunk_temple_overflow_statue, minivault_26
D:5:      layout_loops_ring, grunt_gozag_breadcrumbs, chei_slow_surprise,
          temple_pool_b, nrook_pool_corridor, nicolae_elemental_shop,
          uniq_grinder
D:6:      layout_loops_corners
D:7:      layout_basic, mainiacjoe_overflow_boulevard, nicolae_vehumet_radiance
D:8:      old_forge, layout_loops_ring, lemuel_crystal_altar,
          uniq_prince_ribbit1, uniq_harold, uniq_grum

Skill      XL: |  1  2  3  4  5  6  7  8  9 |
---------------+----------------------------+-----
Staves         | 4 5 6 7 9 11 | 11.5
Armour         | 1 2 3 4 6 |  6.8
Fighting       | 3 4 6 7 |  7.2
Dodging        | 4 5 |  5.9
Stealth        | 1 2 3 |  3.8
Throwing       | 3 |  3.0
Evocations     | |  0.4

Action                   |  1- 3 |  4- 6 |  7- 9 || total
-------------------------+-------+-------+-------++-------
Melee: Quarterstaff      |    68 |    62 |   212 ||   342
       Headbutt          |    10 |    14 |    47 ||    71
Throw: Throwing net      |     2 |     3 |       ||     5
       Javelin           |       |     5 |     7 ||    12
Invok: Recall Ancestor   |       |       |     1 ||     1
       Ancestor Life: He |       |       |     1 ||     1
Evoke: Wand              |       |       |     3 ||     3
  Use: Scroll            |       |     8 |     9 ||    17
       Potion            |       |     1 |     2 ||     3
 Stab: Held in net/web   |     1 |     2 |       ||     3
       Sleeping          |       |     4 |     2 ||     6
       Confused          |       |       |     2 ||     2
Armor: Leather armour    |    15 |     6 |    21 ||    42
       Chain mail        |       |       |    45 ||    45
Dodge: Dodged            |    36 |    38 |   107 ||   181
